 Dungeon Crawl Stone Soup version 0.30-a0-305-g026cb31310 (webtiles) character file.

Game seed: 9454358608369970341

578 billz999 the Covert (level 7, -3/50 HPs)
             Began as a Vampire Earth Elementalist on Oct 21, 2022.
             Was an Initiate of Kikubaaqudgha.
             Slain by an iguana (9 damage)
             ... on level 4 of the Dungeon.
             The game lasted 00:08:23 (3775 turns).

billz999 the Covert (Vampire Earth Elementalist)    Turns: 3775, Time: 00:08:24

Health: -3/50      AC:  2    Str:  7    XL:     7   Next: 13%
Magic:  5/10       EV: 12    Int: 19    God:    Kikubaaqudgha [......]
Gold:   123        SH:  0    Dex: 15    Spells: 5/10 levels left

rFire   . . .      SeeInvis +    p - +0 sling
rCold   . . .      Faith    .    (no shield)
rNeg    . . .      Spirit   .    a - +0 robe
rPois   .          Reflect  .    (no helmet)
rElec   .          Harm     .    (no cloak)
rCorr   .          Rampage  .    (no gloves)
Will    .....                    (no boots)
Stlth   +++++.....               (no amulet)
HPRegen 0.48/turn                (no ring)
MPRegen 0.12/turn                (no ring)

@: healing quickly
A: alive, fangs 3, see invisible, vampiric 2
a: Exsanguinate, Renounce Religion


You were on level 4 of the Dungeon.
You worshipped Kikubaaqudgha.
Kikubaaqudgha was noncommittal.
You visited 2 branches of the dungeon, and saw 5 of its levels.

You collected 123 gold pieces.

Inventory:

Hand Weapons
 e - a +0 dagger
 p - a +0 sling (weapon)
Missiles
 s - a throwing net
Armour
 a - a +0 robe (worn)
Magical Staves
 k - a staff of cold
Scrolls
 h - a scroll of blinking {unknown}
 i - a scroll of immolation {unknown}
 j - a scroll of summoning {unknown}
 l - a scroll of amnesia {unknown}
 m - a scroll of enchant armour {unknown}
 r - a scroll of enchant weapon {unknown}
 t - a scroll of vulnerability {unknown}
Potions
 b - a potion of magic
 d - a potion of ambrosia
 g - a potion of lignification {unknown}
 n - a potion of brilliance {unknown}
 o - a potion of curing {unknown}
 q - a potion of mutation {unknown}
 u - a potion of attraction {unknown}
 v - a potion of heal wounds {unknown}
 w - a potion of flight {unknown}


   Skills:
 - Level 2.1 Fighting
 - Level 2.1 Short Blades
 - Level 0.5 Ranged Weapons
 - Level 2.1 Dodging
 - Level 10.7 Stealth
 - Level 2.0 Spellcasting
 + Level 1.3 Transmutations
 - Level 3.0 Earth Magic


You had 5 spell levels left.
You knew the following spells:

 Your Spells              Type           Power      Damage    Failure   Level
a - Sandblast             Erth           26%        2d8       4%          1
b - Petrify               Tmut/Erth      10%        N/A       56%         4

Your spell library contained the following spells:

 Spells                   Type           Power      Damage    Failure   Level
 Passwall                 Tmut/Erth      8%         N/A       11%         2
 Sting                    Tmut/Pois      16%        1d3       13%         1
 Apportation              Tloc           2%         N/A       17%         1
 Necrotise                Necr           4%         1d4       17%         1
 Summon Small Mammal      Summ           4%         N/A       17%         1
 Poisonous Vapours        Pois/Air       2%         N/A       26%         2
 Stone Arrow              Conj/Erth      14%        3d7       26%         3
 Olgreb's Toxic Radiance  Pois           1%         N/A       86%         4
 Conjure Ball Lightning   Conj/Air       0%         3x3d6     100%        6
 Discord                  Hex            0%         N/A       100%        8
 Disjunction              Tloc           0%         N/A       100%        8


Dungeon Overview and Level Annotations

Branches:
Dungeon (4/15)             Temple (1/1) D:4

Altars:
Ashenzari
Cheibriados
Dithmenos
Gozag
Hepliaklqana
Kikubaaqudgha
Makhleb
Okawaru
Qazlal
Sif Muna
Trog
Uskayaw
Vehumet
Wu Jian
Xom
Yredelemnul

Annotations:
D:3 2 transporters, Iusername's ghost, amateur MiFi


Innate Abilities, Weirdness & Mutations

Your natural rate of healing is accelerated.
You have razor-sharp teeth.
You have supernaturally acute eyesight. (SInv)
You are afflicted with vampirism and can become a bat while bloodless.


Message History

Aiming: Sandblast (safe; 4% risk of failure)
Press: ? - help, Shift-Dir - straight line, f/p - iguana
Aim: an iguana (lightly wounded, 84% to hit)
The blast of sand hits the iguana.
The iguana is moderately wounded.
The iguana bites you. The iguana bites you!
Unknown command.
Casting: Sandblast (safe; 4% risk of failure)
Confirm with . or Enter, or press ? or * to list all spells.
Aiming: Sandblast (safe; 4% risk of failure)
Press: ? - help, Shift-Dir - straight line, f/p - iguana
Aim: an iguana (moderately wounded, 84% to hit)
The blast of sand hits the iguana.
The iguana is moderately wounded.
The iguana closely misses you.
Unknown command.
Casting: Sandblast (safe; 4% risk of failure)
Confirm with . or Enter, or press ? or * to list all spells.
Aiming: Sandblast (safe; 4% risk of failure)
Press: ? - help, Shift-Dir - straight line, f/p - iguana
Aim: an iguana (moderately wounded, 84% to hit)
The blast of sand hits the iguana.
The iguana is severely wounded.
The iguana bites you.
* * * LOW HITPOINT WARNING * * *
The iguana bites you!
* * * LOW HITPOINT WARNING * * *
Casting: Sandblast (safe; 4% risk of failure)
Confirm with . or Enter, or press ? or * to list all spells.
Aiming: Sandblast (safe; 4% risk of failure)
Press: ? - help, Shift-Dir - straight line, f/p - iguana
Aim: an iguana (severely wounded, 84% to hit)
The blast of sand hits the iguana but does no damage.
The iguana is severely wounded.
The iguana barely misses you.
Unknown command.
It was a potion of cancellation.
You feel magically purged. The iguana bites you!
You die...
Kikubaaqudgha rasps: "You have failed me!
Welcome... death!"

........###
.#####....######## ##.
####.<....... #..######
#..###### #.#.....# ##..#
>.......# ##.# #.#....
#.# #### #.#.l# #.###...
#.#@# #..##... #...#
####.#.... ##..##
###......... # ##...#
#...##..##.# #.#....#
#..###..##.# #.#..###
##.###..##.# #....#
#...)......
####.†#########......##[#
#...††..##.........####.#


You could see an iguana.

Vanquished Creatures
  Sigmund (D:4)
  A black bear (D:4)
  A kobold brigand (D:4)
  Blork the orc (D:4)
  An iguana (D:4)
  Robin (D:4)
  6 adders
  2 worms
  2 dart slugs (D:2)
  7 ball pythons
  6 endoplasms
  19 goblins
  7 hobgoblins
  11 jackals
  5 kobolds
  4 quokkas
  4 bats
  5 frilled lizards
  3 rats
87 creatures vanquished.

Vanquished Creatures (others)
  2 bushes (D:4)
2 creatures vanquished.

Grand Total: 89 creatures vanquished

Notes
Turn   | Place    | Note
-------+----------+-------------------------------------------
     0 | D:1      | billz999 the Vampire Earth Elementalist began the quest for
                  | the Orb.
     0 | D:1      | Reached XP level 1. HP: 13/13 MP: 3/3
   305 | D:1      | Reached skill level 4 in Stealth
   308 | D:1      | Reached XP level 2. HP: 19/19 MP: 1/5
   889 | D:2      | Reached skill level 5 in Stealth
   944 | D:1      | Gained mutation: You are afflicted with vampirism and can
                  | become a bat while bloodless. [Vampire growth]
   944 | D:1      | Reached XP level 3. HP: 15/24 MP: 2/6
  1196 | D:2      | Reached skill level 6 in Stealth
  1762 | D:3      | Found a transporter.
  1762 | D:3      | Noticed an ogre
  1768 | D:3      | Reached XP level 4. HP: 30/30 MP: 1/7
  1771 | D:3      | Identified the +4 great mace "Higih" {vorpal, rC- Str+7
                  | SInv Stlth+}
  1771 | D:3      | Noticed an ogre
  1778 | D:3      | Noticed Iusername's ghost (amateur MiFi)
  1926 | D:3      | Reached skill level 7 in Stealth
  2419 | D:3      | Found a transporter.
  2591 | D:4      | Noticed Robin
  2743 | D:4      | Noticed a black bear
  2751 | D:4      | Killed a black bear
  2752 | D:4      | Reached skill level 1 in Fighting
  2752 | D:4      | Reached skill level 1 in Short Blades
  2752 | D:4      | Reached skill level 8 in Stealth
  2752 | D:4      | Reached XP level 5. HP: 28/37 MP: 1/8
  2806 | D:4      | Reached skill level 9 in Stealth
  2806 | D:4      | Reached XP level 6. HP: 21/43 MP: 0/9
  3017 | D:4      | Noticed Sigmund
  3022 | D:4      | Killed Sigmund
  3023 | D:4      | Reached skill level 10 in Stealth
  3116 | D:4      | Noticed Blork the orc
  3123 | D:4      | Killed Blork the orc
  3124 | D:4      | Reached XP level 7. HP: 29/50 MP: 4/10
  3258 | D:4      | Killed Robin
  3356 | D:4      | Found a staircase to the Ecumenical Temple.
  3413 | Temple   | Entered the Ecumenical Temple
  3468 | Temple   | Became a worshipper of Kikubaaqudgha
  3474 | Temple   | Learned a level 4 spell: Petrify
  3775 | D:4      | Slain by an iguana

Illustrated notes

Levels and vault maps discovered:
D:1:      dpeg_arrival_pond, layout_basic
D:2:      layout_rooms, hangedman_abyss_or_decor_stabs
D:3:      layout_loops_ring, gammafunk_ghost_smash
D:4:      layout_rooms, minmay_temple_entry_overgrown, uniq_blork_the_orc,
          uniq_sigmund, uniq_robin
Temple:   compressed_dpeg_circular_temple

Skill      XL: |  1  2  3  4  5  6 |
---------------+-------------------+-----
Stealth        | 4 5 6 8 9 10 | 10.7
Fighting       | 1 2 |  2.1
Short Blades   | 1 2 |  2.1
Ranged Weapons | |  0.5
Dodging        | |  2.1
Spellcasting   | |  2.0
Transmutations | |  1.3
Earth Magic    | |  3.0

Action                   |  1- 3 |  4- 6 |  7- 9 || total
-------------------------+-------+-------+-------++-------
Melee: Dagger            |     1 |    55 |    20 ||    76
       Bite              |       |     5 |     1 ||     6
       Staff             |       |     5 |       ||     5
 Fire: Sling             |       |     5 |     9 ||    14
 Cast: Sandblast         |    57 |    61 |    26 ||   144
  Use: Potion            |       |       |     3 ||     3
 Stab: Sleeping          |       |     1 |       ||     1
Armor: Robe              |     3 |    20 |     9 ||    32
Dodge: Dodged            |     6 |    79 |    31 ||   116

Table legend: (Time is in decaauts)
 A = Elapsed time spent in this place.
 B = Non-inter-level travel time spent in this place.
 C = Inter-level travel time spent in this place.
 D = Time resting spent in this place.
 E = Time spent auto-exploring this place.
 F = Levels seen in this place.
 G = Mean time per level.
                   A        B        C        D        E       F      G
               +--------+--------+--------+--------+--------+-----+--------+
         Total |   3846 |   3539 |    307 |    196 |   2730 |   5 |  769.2 |
       Dungeon |   3577 |   3438 |    139 |    196 |   2652 |   4 |  894.2 |
        Temple |    268 |    100 |    168 |      0 |     78 |   1 |  268.0 |
               +--------+--------+--------+--------+--------+-----+--------+

Top non-repeatable levels by time:
     D:4: 998 daAuts
     D:1: 937 daAuts
     D:3: 900 daAuts
     D:2: 741 daAuts
  Temple: 268 daAuts
